AoeStats
← | ArCas | Toruk Makto

Oasis

508524982Analyzed
4v4 RM · 9d ago on Sep 22, 2026· 49m 25s· 8 players
Game mode
Random Map
Map size
Large (8 player)
Population
200
Speed
Normal
Resources
Standard
Victory
Conquest
Starting age
Dark Age
Ending age
Imperial Age
RankedLock teamsTeams togetherTeam positionsShared explorationLock speedFull tech treeHidden civsTurbo modeCheats
Victory
Defeat
🇺🇸 Bengalis · United States
1372
+13
🇦🇷 Magyars · Argentina
1325
+15
🇩🇪 Random · Germany
1315
+15
🇦🇷 Berbers · Argentina
1306
+16
🇪🇸 Franks · Spain
1365
-17
🇪🇸 Magyars · Spain
1293
-14
🇪🇸 Ethiopians · Spain
1284
-14
🇬🇧 Saracens · United Kingdom
1272
-14
Polestar
7:40 Loom
10:04 Feudal Age
15:36 Forging
22:01 Castle Age
20:44 Scale Barding Armor
22:17 Double-Bit Axe
22:14 Horse Collar
25:44 Bloodlines
28:26 Iron Casting
28:16 Bow Saw
27:59 Gold Mining
28:24 Husbandry
31:12 Fletching
31:52 Bodkin Arrow
31:58 Padded Archer Armor
34:23 Leather Archer Armor
35:59 Wheelbarrow
35:27 Heavy Plow
36:03 Gold Shaft Mining
35:58 Ballistics
41:19 Imperial Age
39:21 Stone Mining
41:40 Chain Barding Armor
42:32 Hand Cart
41:57 Elite Battle Elephant
44:49 Blast Furnace
44:24 Plate Barding Armor
44:29 Paiks
47:37 Two-Man Saw
48:33 Mahayana
48:35 Conscription
Garrón Husita
7:18 Loom
9:53 Feudal Age
10:26 Double-Bit Axe
10:30 Horse Collar
14:10 Scale Barding Armor
21:56 Bloodlines
26:34 Castle Age
24:38 Gold Mining
27:03 Wheelbarrow
27:19 Husbandry
28:09 Bow Saw
28:29 Chain Barding Armor
27:46 Light Cavalry
32:44 Gold Shaft Mining
33:59 Hand Cart
33:30 Town Watch
37:50 Heavy Plow
41:20 Imperial Age
40:14 Heavy Plow
41:21 Cavalier
42:49 Plate Barding Armor
44:39 Paladin
46:48 Conscription
| ArCas | Toruk Makto
7:19 Loom
9:12 Feudal Age
10:11 Double-Bit Axe
10:33 Horse Collar
16:38 Forging
17:56 Scale Barding Armor
23:53 Castle Age
22:54 Bloodlines
24:01 Wheelbarrow
23:19 Gold Mining
25:18 Iron Casting
25:04 Chain Barding Armor
28:12 Husbandry
29:59 Fletching
32:51 Town Watch
41:22 Imperial Age
41:12 Hand Cart
41:35 Gold Shaft Mining
40:51 Stone Mining
41:26 Cavalier
43:24 Blast Furnace
43:00 Plate Barding Armor
42:21 Bodkin Arrow
43:58 Heavy Plow
43:57 Murder Holes
44:12 Masonry
44:16 Bow Saw
45:34 Stone Shaft Mining
45:40 Conscription
Castor
5:47 Loom
9:37 Feudal Age
13:11 Double-Bit Axe
15:01 Fletching
17:44 Padded Archer Armor
18:09 Town Watch
20:50 Wheelbarrow
26:32 Castle Age
26:18 Scale Mail Armor
27:28 Bodkin Arrow
27:46 Crossbowman
38:08 Guard Tower
47:44 Gold Mining
48:24 Town Patrol
48:45 Hand Cart
joemaster
6:51 Loom
10:08 Feudal Age
12:14 Double-Bit Axe
17:47 Town Watch
18:08 Horse Collar
21:13 Fletching
25:41 Castle Age
25:34 Scale Mail Armor
25:33 Gold Mining
25:59 Crossbowman
26:37 Bodkin Arrow
26:22 Pikeman
29:16 Chain Mail Armor
31:05 Forging
34:06 Thumb Ring
45:47 Wheelbarrow
Oygresh
7:02 Loom
9:49 Feudal Age
17:06 Scale Barding Armor
19:03 Bloodlines
28:07 Double-Bit Axe
28:04 Horse Collar
31:14 Castle Age
32:15 Scale Mail Armor
38:17 Bow Saw
mano
7:06 Loom
9:28 Feudal Age
10:16 Double-Bit Axe
12:31 Forging
14:55 Scale Barding Armor
16:45 Wheelbarrow
22:26 Castle Age
21:50 Gold Mining
23:52 Iron Casting
23:46 Husbandry
32:36 Hand Cart
32:43 Chain Barding Armor
36:43 Bow Saw
40:46 Town Watch
41:48 Gold Shaft Mining
42:19 Coinage
46:18 Imperial Age
45:29 Stone Mining
46:46 Fletching
46:19 Cavalier
47:35 Plate Barding Armor
49:26 Blast Furnace
FuLGoR
7:14 Loom
9:25 Feudal Age
13:06 Fletching
24:34 Castle Age
24:44 Crossbowman
25:29 Bodkin Arrow
30:18 Ballistics
32:26 Padded Archer Armor
33:44 Double-Bit Axe
33:51 Gold Mining
38:12 Thumb Ring
44:26 Imperial Age
43:39 Horse Collar
44:28 Arbalester
46:08 Wheelbarrow
46:00 Bracer
48:06 Hand Cart
48:28 Leather Archer Armor
48:14 Scale Mail Armor
48:44 Scale Barding Armor
48:50 Forging
48:11 Halberdier
49:12 Squires
Connection lost

Rejoining the realm…

Still unreachable

The connection could not be restored.

Session expired

The server has moved on; the page needs a fresh start.